PBL
COLUMBUS REDS @ YORK REVOLUTION
06/18/2047
 
TOP OF THE 1ST
Columbus Reds batting - Pitching for York Revolution : LHP Cesar Andrade
Pitching: LHP Cesar Andrade
Batting: LHB Fernando Gomez 0-0: Called Strike
0-1: Ball
1-1: Called Strike
1-2: Foul Ball, location: 2F
1-2: Foul Ball, location: 2F
1-2: Ball
2-2: Foul Ball, location: 2F
2-2: Ball
3-2: Foul Ball, location: 2F
3-2: SINGLE (Line Drive, 3D, EV 98.8 MPH)
Batting: RHB Alex Juarez 0-0: Ball
1-0: Fly out, F8 (Flyball, 8RM, EV 83.1 MPH)
Batting: RHB Mark Williams 0-0: Called Strike
0-1: Ball
1-1: Ball
2-1: Foul Ball, location: 2F
2-2: Strikes out swinging
Fernando Gomez steals 2nd base (no throw)
Batter strikes out.
Batting: RHB Randy Grewe 0-0: Ball
1-0: Ball
2-0: Called Strike
2-1: Ball
3-1: Called Strike
3-2: Foul Ball, location: 2F
3-2: Base on Balls
Batting: RHB Ben Burkholder 0-0: Foul Ball, location: 2F
0-1: Ball
1-1: Foul Ball, location: 2F
1-2: Ball
2-2: 3-RUN HOME RUN (Flyball, 8LXD, EV 112.5 MPH), Distance : 427 ft
Batting: RHB Gabriel Arias 0-0: Ball
1-0: Foul Ball, location: 2F
1-1: Foul Ball, location: 2F
1-2: Ground out 6-3 (Groundball, 6, EV 102.5 MPH)
Top of the 1st over - 3 runs, 2 hits, 0 errors, 0 left on base; Columbus 3 - York 0
BOTTOM OF THE 1ST
York Revolution batting - Pitching for Columbus Reds : RHP Bayani Blanco
Pitching: RHP Bayani Blanco
Batting: LHB Matt Urbanek 0-0: Ball
1-0: Called Strike
1-1: Swinging Strike
1-2: Ball
2-2: Foul Ball, location: 2F
2-2: Fly out, F6 (Popup, 6S, EV 73.1 MPH)
Batting: RHB Tony Perez 0-0: Called Strike
0-1: Foul Ball, location: 2F
0-2: Ball
1-2: Ball
2-2: Ball
3-2: Foul Ball, location: 2F
3-2: Ground out 4-3 (Groundball, 4, EV 100.0 MPH)
Batting: RHB Chris Myers 0-0: Ball
1-0: Ball
2-0: Ball
3-0: Called Strike
3-1: SINGLE (Flyball, 5D, EV 91.2 MPH)
Batting: RHB Trent Hedrick 0-0: Fly out, F8 (Flyball, 8RD, EV 90.6 MPH)
Bottom of the 1st over - 0 runs, 1 hit, 0 errors, 1 left on base; Columbus 3 - York 0
TOP OF THE 2ND
Columbus Reds batting - Pitching for York Revolution : LHP Cesar Andrade
Batting: LHB Mike Becerra 0-0: Foul Ball, location: 2F
0-1: Called Strike
0-2: Ball
1-2: Ball
2-2: Foul Ball, location: 2F
2-2: Foul Ball, location: 2F
2-2: Foul Ball, location: 2F
2-2: Ball
3-2: Base on Balls
Batting: SHB Cesar Pelayo 0-0: Called Strike
0-1: Swinging Strike
0-2: Strikes out swinging
Batting: RHB Cornholdo Schwerin 0-0: Foul Ball, location: 2F
0-1: Foul Ball, location: 2F
0-2: Fly out, F8 (Flyball, 8LD, EV 105.6 MPH)
Batting: LHB Fernando Gomez 0-0: Ball
1-0: Ground out 4-3 (Groundball, 34, EV 93.8 MPH)
Top of the 2nd over - 0 runs, 0 hits, 0 errors, 1 left on base; Columbus 3 - York 0
BOTTOM OF THE 2ND
York Revolution batting - Pitching for Columbus Reds : RHP Bayani Blanco
Batting: RHB Jose Corral 0-0: Ball
1-0: Called Strike
1-1: Ball
2-1: Foul Ball, location: 2F
2-2: Ground out 4-3 (Groundball, 4, EV 111.2 MPH)
Batting: SHB Steve DeRienzo 0-0: Called Strike
0-1: Foul Ball, location: 2F
0-2: Strikes out looking
Batting: RHB Eddie Serna 0-0: Fly out, F9 (Line Drive, 9, EV 106.2 MPH)
Bottom of the 2nd over - 0 runs, 0 hits, 0 errors, 0 left on base; Columbus 3 - York 0
TOP OF THE 3RD
Columbus Reds batting - Pitching for York Revolution : LHP Cesar Andrade
Batting: RHB Alex Juarez 0-0: Ball
1-0: Ball
2-0: Fly out, F8 (Flyball, 8LM, EV 88.1 MPH)
Batting: RHB Mark Williams 0-0: Ball
1-0: Ball
2-0: Ball
3-0: Base on Balls
Batting: RHB Randy Grewe 0-0: Ball
1-0: Called Strike
1-1: Foul Ball, location: 2F
1-2: Foul Ball, location: 2F
1-2: Ball
2-2: Ball
3-2: Ground out 1-3 (Groundball, 25, EV 65.6 MPH)
Mark Williams to second
Batting: RHB Ben Burkholder 0-0: SINGLE (Groundball, 5S, EV 68.1 MPH) (infield hit)
Mark Williams to third
Batting: RHB Gabriel Arias 0-0: Ball
1-0: Fly out, F7 (Flyball, 78D, EV 101.9 MPH)
Top of the 3rd over - 0 runs, 1 hit, 0 errors, 2 left on base; Columbus 3 - York 0
BOTTOM OF THE 3RD
York Revolution batting - Pitching for Columbus Reds : RHP Bayani Blanco
Batting: LHB Travis Hahn 0-0: Called Strike
0-1: Ball
1-1: Ball
2-1: Ball
3-1: Called Strike
3-2: Foul Ball, location: 2F
3-2: Foul Ball, location: 2F
3-2: Fly out, F8 (Flyball, 8RD, EV 105.0 MPH)
Batting: RHB Alexis Graciani 0-0: Called Strike
0-1: Ball
1-1: Ball
2-1: Ball
3-1: Foul Ball, location: 2F
3-2: Base on Balls
Batting: LHB Matt Urbanek 0-0: Ball
1-0: SINGLE (Flyball, 5D, EV 81.9 MPH)
Alexis Graciani to second
Batting: RHB Tony Perez 0-0: Called Strike
0-1: Ball
1-1: Called Strike
1-2: Ball
2-2: Fly out, F9 (Line Drive, 9S, EV 100.6 MPH)
Batting: RHB Chris Myers 0-0: Called Strike
0-1: Ball
1-1: Ball
2-1: Ball
3-1: SINGLE (Groundball, 56D, EV 108.1 MPH)
Alexis Graciani to third
Matt Urbanek to second
Runner from 3rd tries for Home, throw by LF and OUT! 7-2
Bottom of the 3rd over - 0 runs, 2 hits, 0 errors, 2 left on base; Columbus 3 - York 0
TOP OF THE 4TH
Columbus Reds batting - Pitching for York Revolution : LHP Cesar Andrade
Batting: LHB Mike Becerra 0-0: Ball
1-0: Called Strike
1-1: Foul Ball, location: 2F
1-2: Ball
2-2: Ground out 6-3 (Groundball, 4D, EV 99.4 MPH)
Batting: SHB Cesar Pelayo 0-0: Called Strike
0-1: Foul Ball, location: 2F
0-2: Foul Ball, location: 2F
0-2: Foul Ball, location: 2F
0-2: Ball
1-2: Foul Ball, location: 2F
1-2: Ball
2-2: Foul Ball, location: 2F
2-2: Ball
3-2: Reached on error, E2 (Groundball, 2L, EV 70.0 MPH)
Pitching: RHP Si-dao Xia
Batting: RHB Cornholdo Schwerin 0-0: Ball
1-0: Called Strike
1-1: Foul Ball, location: 2F
1-2: Ball
2-2: Strikes out swinging
Batting: LHB Fernando Gomez 0-0: Called Strike
0-1: Foul Ball, location: 2F
0-2: Ball
1-2: Ball
2-2: Ball
3-2: Ground out 4-3 (Groundball, 4, EV 99.4 MPH)
Top of the 4th over - 0 runs, 0 hits, 1 error, 1 left on base; Columbus 3 - York 0
BOTTOM OF THE 4TH
York Revolution batting - Pitching for Columbus Reds : RHP Bayani Blanco
Batting: RHB Trent Hedrick 0-0: Ground out 4-3 (Groundball, 4M, EV 109.4 MPH)
Batting: RHB Jose Corral 0-0: Swinging Strike
0-1: Foul Ball, location: 2F
0-2: Ball
1-2: Ball
2-2: Strikes out swinging
Batting: SHB Steve DeRienzo 0-0: Ball
1-0: Foul Ball, location: 2F
1-1: Foul Ball, location: 2F
1-2: Ball
2-2: Foul Ball, location: 2F
2-2: Ball
3-2: Foul Ball, location: 2F
3-2: TRIPLE (Flyball, 8LXD, EV 101.9 MPH)
Batting: RHB Eddie Serna 0-0: Ball
1-0: Ball
2-0: Ground out 6-3 (Groundball, 6, EV 83.8 MPH)
Bottom of the 4th over - 0 runs, 1 hit, 0 errors, 1 left on base; Columbus 3 - York 0
TOP OF THE 5TH
Columbus Reds batting - Pitching for York Revolution : RHP Si-dao Xia
Batting: RHB Alex Juarez 0-0: Ball
1-0: Called Strike
1-1: Ball
2-1: Foul Ball, location: 2F
2-2: Foul Ball, location: 2F
2-2: Foul Ball, location: 2F
2-2: Ball
3-2: Base on Balls
Batting: RHB Mark Williams 0-0: Swinging Strike
0-1: Ball
1-1: Foul Ball, location: 2F
1-2: Foul Ball, location: 2F
1-2: Ball
2-2: Strikes out swinging
Batting: RHB Randy Grewe 0-0: Called Strike
0-1: Called Strike
0-2: Ball
1-2: Ball
2-2: Foul Ball, location: 2F
2-2: Ball
3-2: Base on Balls
Alex Juarez to second
Batting: RHB Ben Burkholder 0-0: Foul Ball, location: 2F
0-1: Swinging Strike
0-2: Ball
1-2: Strikes out looking
Batting: RHB Gabriel Arias 0-0: Called Strike
0-1: Foul Ball, location: 2F
0-2: Ball
1-2: Foul Ball, location: 2F
1-2: Fly out, F8 (Flyball, 8RM, EV 88.8 MPH)
Top of the 5th over - 0 runs, 0 hits, 0 errors, 2 left on base; Columbus 3 - York 0
BOTTOM OF THE 5TH
York Revolution batting - Pitching for Columbus Reds : RHP Bayani Blanco
Batting: LHB Travis Hahn 0-0: Called Strike
0-1: Ball
1-1: Ball
2-1: Swinging Strike
2-2: Ball
3-2: Base on Balls
Batting: RHB Alexis Graciani 0-0: Ball
1-0: Ball
2-0: Foul Ball, location: 2F
2-1: Swinging Strike
2-2: Ball
3-2: Strikes out looking
Batting: LHB Matt Urbanek 0-0: Ball
1-0: Fielders Choice at 2nd, 5-4 (Groundball, 5D, EV 81.9 MPH)
Batting: RHB Tony Perez 0-0: Called Strike
0-1: Ball
1-1: Ball
2-1: Ball
3-1: Swinging Strike
3-2: Strikes out swinging
Bottom of the 5th over - 0 runs, 0 hits, 0 errors, 1 left on base; Columbus 3 - York 0
TOP OF THE 6TH
Columbus Reds batting - Pitching for York Revolution : RHP Si-dao Xia
Batting: LHB Mike Becerra 0-0: Called Strike
0-1: Called Strike
0-2: Strikes out swinging
Batting: SHB Cesar Pelayo 0-0: Ball
1-0: Called Strike
1-1: Ball
2-1: Ground out 6-3 (Groundball, 6, EV 78.1 MPH)
Batting: RHB Cornholdo Schwerin 0-0: Ball
1-0: Swinging Strike
1-1: Foul Ball, location: 2F
1-2: Foul Ball, location: 2F
1-2: Strikes out looking
Top of the 6th over - 0 runs, 0 hits, 0 errors, 0 left on base; Columbus 3 - York 0
BOTTOM OF THE 6TH
York Revolution batting - Pitching for Columbus Reds : RHP Bayani Blanco
Pitching: RHP Amador Sadaba
Batting: RHB Chris Myers 0-0: Called Strike
0-1: Foul Ball, location: 2F
0-2: Ball
1-2: Ball
2-2: Foul Ball, location: 2F
2-2: Ball
3-2: DOUBLE (Line Drive, 89D, EV 103.8 MPH)
Pitching: RHP Kevin Larner
Batting: RHB Trent Hedrick 0-0: Ball
1-0: Ground out 6-3 (Groundball, 6, EV 85.0 MPH)
Chris Myers to third
Batting: RHB Jose Corral 0-0: Ball
1-0: Ball
2-0: Swinging Strike
2-1: Foul Ball, location: 2F
2-2: Foul Ball, location: 2F
2-2: Ball
3-2: Fly out, F9 (Flyball, 89D, EV 87.5 MPH)
Runner from 3rd tags up, SCORES, throw by RF
Batting: SHB Steve DeRienzo 0-0: Ball
1-0: Foul Ball, location: 2F
1-1: Ball
2-1: Ball
3-1: Base on Balls
Batting: RHB Eddie Serna 0-0: Called Strike
0-1: Fielders Choice at 2nd, 5-4 (Groundball, 56, EV 106.2 MPH)
Bottom of the 6th over - 1 run, 1 hit, 0 errors, 1 left on base; Columbus 3 - York 1
TOP OF THE 7TH
Columbus Reds batting - Pitching for York Revolution : RHP Si-dao Xia
Batting: LHB Fernando Gomez 0-0: Ball
1-0: Ball
2-0: Foul Ball, location: 2F
2-1: Foul Ball, location: 2F
2-2: Foul Ball, location: 2F
2-2: Ball
3-2: Foul Ball, location: 2F
3-2: SINGLE (Groundball, 34D, EV 95.0 MPH)
Pitching: RHP Dave Gomez
Batting: RHB Alex Juarez 0-0: Ground out 5-3 (Groundball, 56, EV 95.6 MPH)
Fernando Gomez to second
Batting: RHB Mark Williams 0-0: Fly out, F7 (Flyball, 7LS, EV 82.5 MPH)
Batting: RHB Randy Grewe 0-0: Ball
1-0: Called Strike
1-1: Ball
2-1: Ball
3-1: Base on Balls
Batting: RHB Ben Burkholder 0-0: Foul Ball, location: 2F
0-1: Ball
1-1: Ball
2-1: Ball
3-1: Foul Ball, location: 2F
3-2: SINGLE (Groundball, 34S, EV 75.6 MPH) (infield hit)
Fernando Gomez to third
Randy Grewe to second
Batting: RHB Gabriel Arias 0-0: Foul Ball, location: 2F
0-1: Ball
1-1: Called Strike
1-2: Strikes out looking
Top of the 7th over - 0 runs, 2 hits, 0 errors, 3 left on base; Columbus 3 - York 1
BOTTOM OF THE 7TH
York Revolution batting - Pitching for Columbus Reds : RHP Kevin Larner
Pitching: RHP Hugo Pirir
Now at 2B: Juan Zamora
Now in LF: Jose Cruz
Batting: LHB Travis Hahn 0-0: Ball
1-0: Ball
2-0: Ball
3-0: Foul Ball, location: 2F
3-1: Base on Balls
Pinch Hitting: RHB Juan Valadez 0-0: Ball
1-0: Foul Ball, location: 2F
1-1: Called Strike
1-2: SINGLE (Groundball, 56D, EV 96.2 MPH)
Travis Hahn to second
Batting: LHB Matt Urbanek 0-0: Bunted foul
0-1: Bunt missed!
0-2: Ball
1-2: Ball
2-2: Fielders Choice at 2nd, 4-6 (Groundball, 34, EV 91.9 MPH)
Travis Hahn to third
Batting: RHB Tony Perez 0-0: Ball
1-0: Ball
2-0: Called Strike
2-1: Foul Ball, location: 2F
2-2: Hit by Pitch
Matt Urbanek to second
Batting: RHB Chris Myers 0-0: Called Strike
0-1: Swinging Strike
0-2: Ball
1-2: Ball
2-2: Ball
3-2: Hit by Pitch
Travis Hahn scores
Matt Urbanek to third
Tony Perez to second
Batting: RHB Trent Hedrick 0-0: Ball
1-0: Grounds into fielders choice 1-2 (Groundball, 13S, EV 66.2 MPH)
Tony Perez to third
Chris Myers to second
Batting: RHB Jose Corral 0-0: Swinging Strike
0-1: Swinging Strike
0-2: Fielders Choice at 2nd, 5-4 (Groundball, 5, EV 94.4 MPH)
Bottom of the 7th over - 1 run, 1 hit, 0 errors, 3 left on base; Columbus 3 - York 2
TOP OF THE 8TH
Columbus Reds batting - Pitching for York Revolution : RHP Dave Gomez
Now at 1B: Steve DeRienzo
Now in CF: Juan Valadez
Now in RF: Chris Myers
Batting: LHB Mike Becerra 0-0: Ball
1-0: Ball
2-0: Foul Ball, location: 2F
2-1: Ball
3-1: Base on Balls
Batting: SHB Cesar Pelayo 0-0: Called Strike
0-1: Foul Ball, location: 2F
0-2: Ball
1-2: Foul Ball, location: 2F
1-2: Ball
2-2: Strikes out looking
Batting: RHB Cornholdo Schwerin 0-0: Swinging Strike
0-1: Ball
1-1: Grounds into double play, 6-4-3 (Groundball, 6, EV 102.5 MPH)
Top of the 8th over - 0 runs, 0 hits, 0 errors, 0 left on base; Columbus 3 - York 2
BOTTOM OF THE 8TH
York Revolution batting - Pitching for Columbus Reds : RHP Hugo Pirir
Pitching: RHP Aaron McArdle
Now at 1B: Ernie Maldonado
Now at 2B: Fernando Gomez
Now at 3B: Jonathan Davis
Now at SS: Juan Zamora
Batting: SHB Steve DeRienzo 0-0: Swinging Strike
0-1: Called Strike
0-2: Ball
1-2: Ball
2-2: Strikes out swinging
Batting: RHB Eddie Serna 0-0: Fly out, F9 (Flyball, 9, EV 80.0 MPH)
Batting: LHB Travis Hahn 0-0: Ground out 6-3 (Groundball, 6, EV 86.2 MPH)
Bottom of the 8th over - 0 runs, 0 hits, 0 errors, 0 left on base; Columbus 3 - York 2
TOP OF THE 9TH
Columbus Reds batting - Pitching for York Revolution : RHP Dave Gomez
Pitching: RHP Bobby Acevedo
Batting: LHB Fernando Gomez 0-0: Ball
1-0: Ground out 4-3 (Groundball, 4, EV 82.5 MPH)
Batting: RHB Jonathan Davis 0-0: Ball
1-0: Fly out, F8 (Flyball, 8RD, EV 92.5 MPH)
Batting: RHB Juan Zamora 0-0: Swinging Strike
0-1: Ball
1-1: Fly out, F7 (Flyball, 7, EV 91.9 MPH)
Top of the 9th over - 0 runs, 0 hits, 0 errors, 0 left on base; Columbus 3 - York 2
BOTTOM OF THE 9TH
York Revolution batting - Pitching for Columbus Reds : RHP Aaron McArdle
Pitching: RHP Victor Uriegas
Batting: RHB Juan Valadez 0-0: Called Strike
0-1: Foul Ball, location: 2F
0-2: Ball
1-2: Strikes out looking
Batting: LHB Matt Urbanek 0-0: Foul Ball, location: 2F
0-1: Foul Ball, location: 2F
0-2: Ball
1-2: Foul Ball, location: 2F
1-2: Foul Ball, location: 2F
1-2: Hit by Pitch
Batting: RHB Tony Perez 0-0: Ball
1-0: Foul Ball, location: 2F
1-1: Foul Ball, location: 2F
1-2: Strikes out swinging
Batting: RHB Chris Myers 0-0: Ball
1-0: Swinging Strike
1-1: Swinging Strike
1-2: Foul Ball, location: 2F
1-2: Ball
2-2: Strikes out swinging
Bottom of the 9th over - 0 runs, 0 hits, 0 errors, 1 left on base; Columbus 3 - York 2
Thursday, December 15th , 2022 - OOTP Baseball 23.9 Build 102